 Dungeon Crawl Stone Soup version 0.29.1-15-g9cfb28693d (webtiles) character file.

Game seed: 6684427115753843265

6 cdecastro the Trooper (level 1, 0/18 HPs)
             Began as a Demonspawn Fighter on Apr 4, 2023.
             Slain by Natasha (3 damage)
             ... on level 2 of the Dungeon.
             The game lasted 00:01:16 (330 turns).

cdecastro the Trooper (Demonspawn Fighter)           Turns: 330, Time: 00:01:17

Health: 0/18       AC:  6    Str: 16    XL:     1   Next: 75%
Magic:  1/1        EV:  9    Int:  9    God:
Gold:   18         SH:  0    Dex: 12    Spells: 0/0 levels left

rFire   . . .      SeeInvis .   a - +0 war axe
rCold   . . .      Faith    .   (no shield)
rNeg    . . .      Spirit   .   b - +0 scale mail
rPois   .          Reflect  .   (no helmet)
rElec   .          Harm     .   (no cloak)
rCorr   .          Rampage  .   (no gloves)
Will    .....                   (no boots)
Stlth   ..........              g - amulet of magic regeneration
HPRegen 0.06/turn               (no ring)
MPRegen 0.47/turn               (no ring)

@: slowed, very slow
A: no striking features
a: no special abilities


You were on level 2 of the Dungeon.
You visited 1 branch of the dungeon, and saw 2 of its levels.

You collected 18 gold pieces.

Inventory:

Hand Weapons
 a - a +0 war axe (weapon)
Armour
 b - a +0 scale mail (worn)
 c - a +0 buckler
 h - a scarf of shadows
Jewellery
 e - a ring of ice
 g - an amulet of magic regeneration (around neck)
Scrolls
 f - a scroll of teleportation {unknown}
Potions
 d - a potion of might


   Skills:
 - Level 3.0 Fighting
 + Level 2.3 Axes
 - Level 2.6 Armour
 - Level 2.6 Shields


You couldn't memorise any spells.
You didn't know any spells.
Your spell library was empty.

Dungeon Overview and Level Annotations

Branches:
Dungeon (2/15)

Altars:

Annotations:
D:2 Natasha


Message History

The goblin hits you with a +0 dagger. The goblin closely misses you.
You see here a ball python corpse.
You barely miss the goblin. The goblin hits you with a +0 dagger.
You hit the goblin.
You kill the goblin!
You see here a +0 dagger.
You see here a ball python corpse.
HP restored.
You enter the shallow water.
Moving in this stuff is going to be slow.
Key pressed, stopping explore.
You enter the shallow water.
Moving in this stuff is going to be slow.
Natasha, Servant of Life and Death comes into view.
Natasha hisses angrily.
Natasha is nearby!
Natasha is nearby!
Natasha claws you.
You miss Natasha.
Natasha stares at you and mumbles some strange words.
You feel yourself slow down. Natasha claws you.
You hit Natasha.
Natasha is moderately wounded.
Natasha claws you.
* * * LOW HITPOINT WARNING * * *
Natasha barely misses you.
You hit Natasha.
Natasha is severely wounded.
Natasha splashes around in the water.
Natasha stares at you and mumbles some strange words.
The magic dart hits you.
* * * LOW HITPOINT WARNING * * *
You closely miss Natasha.
Natasha is severely wounded.
Natasha splashes around in the water. x2
You barely miss Natasha.
Natasha is heavily wounded.
Natasha claws you.
You die...

.########...# ###.. ###
# ##### # #. ####~~~♣♣##
#.###♣♣♣♣♣P♣♣~~~P~~♣#
#..#P♣~~≈~♣♣♣♣~~~~~~~
##~♣..h~~~~~≈~~~~~~PP~~~
#~~~...@................
~~~P~.≈~~~~~~~~~~P~~~~~~
~~P~~.~~~~~≈≈~P~~~~~~~♣#
~~~≈≈.~PPP~~~~~♣~~P~~♣#
~≈≈~≈.~~~♣♣♣~###♣♣♣♣~#
~~≈≈~.~~♣♣ ♣## .##
≈~≈≈~.~~♣ # ~~≈≈≈.~~♣


You could see Natasha.

Vanquished Creatures
  2 quokkas (D:2)
  2 ball pythons (D:2)
  A bat (D:2)
  A goblin (D:2)
  A rat (D:2)
7 creatures vanquished.

Vanquished Creatures (others)
  A demonic plant (D:2)
1 creature vanquished.

Grand Total: 8 creatures vanquished

Notes
Turn   | Place    | Note
-------+----------+-------------------------------------------
     0 | D:1      | cdecastro the Demonspawn Fighter began the quest for the
                  | Orb.
     0 | D:1      | Reached XP level 1. HP: 18/18 MP: 1/1
    63 | D:1      | You fall into a shaft and drop 1 floor!
   323 | D:2      | Noticed Natasha
   330 | D:2      | Slain by Natasha

Illustrated notes

Levels and vault maps discovered:
D:1:      dpeg_arrival_lava_altar, layout_basic, serial_shops,
          nicolae_shop_temple_entry_statues_fountains
D:2:      layout_loops_corners, dreamdust_ecumenical_altar_sealed_demon,
          basic_altar, serial_bayou, serial_bayou_lake_a, serial_bayou_lagoon_b,
          serial_bayou_pond_d, serial_bayou_pond_e,
          chequers_serial_rivers_micro_c, minmay_heptomino_h4,
          uniq_crazy_yiuf_cottage, uniq_natasha

Skill      XL: |  1 |
---------------+----+-----
Axes           | 2 |  2.3
Fighting       | |  3.0
Armour         | |  2.6
Shields        | |  2.6

Action                   || total
-------------------------++-------
Melee: War axe           ||    23
Armor: Scale mail        ||    11
Dodge: Dodged            ||    16
